 Dungeon Crawl Stone Soup version 0.25.1-8-g42b30a86e7 (webtiles) character file.

Game seed: 15826064123817124536

52 Destapler the Skirmisher (level 3, 0/31 HPs)
             Began as a Demonspawn Wanderer on Dec 14, 2020.
             Slain by a worm (8 damage)
             ... on level 2 of the Dungeon.
             The game lasted 00:02:00 (1330 turns).

Destapler the Skirmisher (Demonspawn Wanderer)      Turns: 1330, Time: 00:02:01

Health: 0/31       AC:  8    Str: 13    XL:     3   Next: 60%
Magic:  3/3        EV: 15    Int: 13    God:
Gold:   72         SH:  0    Dex: 12    Spells: 2/2 levels left

rFire    . . .     SeeInvis .   a - +2 hand axe
rCold    . . .     Gourm    .   (no shield)
rNeg     . . .     Faith    .   b - +0 ring mail
rPois    .         Spirit   .   (no helmet)
rElec    .         Reflect  .   (no cloak)
rCorr    .         Harm     .   k - +2 pair of gloves
MR       .....                  (no boots)
Stlth    +.........             (no amulet)
HPRegen  0.10/turn              (no ring)
MPRegen  0.08/turn              (no ring)

@: agile
A: powered by pain 1
a: no special abilities


You were on level 2 of the Dungeon.
You were not hungry.

You visited 1 branch of the dungeon, and saw 2 of its levels.

You collected 72 gold pieces.

Inventory:

Hand Weapons
 a - a +2 hand axe (weapon)
Missiles
 h - 7 javelins (quivered)
 i - 3 boomerangs
Armour
 b - a +0 ring mail (worn)
 k - a +2 pair of gloves (worn)
Scrolls
 c - a scroll of teleportation
 e - a scroll of random uselessness {unknown}
 f - a scroll of magic mapping {unknown}
 g - a scroll of identify {unknown}
 j - a scroll of amnesia {unknown}
Potions
 l - 2 potions of mutation {unknown}
Comestibles
 d - 3 rations
 m - 4 chunks of flesh


   Skills:
 + Level 4.3 Fighting
 + Level 1.7 Axes
 - Level 1.0 Throwing
 + Level 3.1 Armour
 + Level 2.0 Stealth


You had 2 spell levels left.
You didn't know any spells.
Your spell library was empty.

Dungeon Overview and Level Annotations

Branches:
Dungeon (2/15)

Altars:


Innate Abilities, Weirdness & Mutations

You sometimes gain a little power by taking damage.


Message History

Your Stealth skill increases to level 2!
You barely miss the worm. You hit the worm. You barely miss the worm.
The worm is lightly wounded.
You hit the worm. The worm barely misses you.
The worm bites you but does no damage.
Some of the chunks of flesh in your inventory have rotted away.
You hit the worm but do no damage.
The worm is lightly wounded.
You hit the worm. The worm bites you!
* * * LOW HITPOINT WARNING * * *
You focus on the pain.
You feel agile all of a sudden. The worm bites you.
* * * LOW HITPOINT WARNING * * *
You hit the worm but do no damage. You hit the worm. You hit the worm.
The worm is moderately wounded.
You hit the worm. The worm closely misses you. The worm bites you!
You die...

....<........รท).......
.!...........##..##.#.
.#...#.#######.......
.## #...#.# #.......
...#...#.# #...#...
#.#...#.# #.....##
#.....#$# ##......
.#.#.......# ##.#.##
.....#.w@### #.....
#..)w## ###.##
#.........# #...
#.#......## #### ..
......## #. .#......# #
#.#...#.## # ...####
#.##


You could see 2 worms.

Vanquished Creatures
  An adder (D:2)
  A worm (D:2)
  A dart slug (D:1)
  A leopard gecko (D:1)
  A giant cockroach (D:1)
  6 goblins
  5 hobgoblins (D:1)
  6 jackals
  A quokka (D:2)
  2 bats (D:1)
  A frilled lizard (D:2)
  2 kobolds
  6 rats
34 creatures vanquished.

Notes
Turn   | Place    | Note
-------+----------+-------------------------------------------
     0 | D:1      | Destapler the Demonspawn Wanderer began the quest for the
                  | Orb.
     0 | D:1      | Destapler set off with the following items: a +2 hand axe,
                  | a +0 ring mail, a scroll of teleportation, a ration
     0 | D:1      | Reached XP level 1. HP: 19/19 MP: 1/1
   263 | D:1      | Gained mutation: You sometimes gain a little power by
                  | taking damage. [demonic ancestry]
   263 | D:1      | Reached XP level 2. HP: 23/25 MP: 2/2
   868 | D:1      | Reached XP level 3. HP: 28/30 MP: 3/3
  1330 | D:2      | Slain by a worm

Illustrated notes

Levels and vault maps discovered:
D:1:      dpeg_arrival_windows_large_door, layout_basic, chequers_avenue,
          interstate_on_off
D:2:      layout_loops_cross, minmay_misc_feat_nine_boxes,
          minmay_fractal_squares_gapless_5

Skill      XL: |  1  2  3 |
---------------+----------+-----
Armour         | 3 |  3.1
Stealth        | 2 |  2.0
Fighting       | |  4.3
Axes           | |  1.7
Throwing       | |  1.0

Action                   || total
-------------------------++-------
Melee: Hand axe          ||    88
  Eat: Chunk             ||     1
Armor: Ring mail         ||    38
Dodge: Dodged            ||    50
